 Dungeon Crawl Stone Soup version 0.28-a0-48-gfd831c5874 (webtiles) character file.

Game seed: 17165513779274178532

253 flotson the Sneak (level 5, -12/42 HPs)
             Began as a Demonspawn Delver on July 29, 2021.
             Mangled by an ogre (21 damage)
             ... on level 3 of the Dungeon.
             The game lasted 00:09:39 (4785 turns).

flotson the Sneak (Demonspawn Delver)               Turns: 4785, Time: 00:09:40

Health: -12/42     AC: 14    Str: 13    XL:     5   Next: 90%
Magic:  5/5        EV:  6    Int: 11    God:
Gold:   25         SH:  4    Dex: 15    Spells: 4/4 levels left

rFire   . . .      SeeInvis .   e - +2 dagger (elec)
rCold   . . .      Faith    .   y - +1 buckler {AC+3}
rNeg    . . .      Spirit   .   o - +0 chain mail
rPois   +          Reflect  .   (helmet restricted)
rElec   .          Harm     .   (no cloak)
rCorr   .          Rampage  .   (no gloves)
Will    .....                   (no boots)
Stlth   ..........              (no amulet)
HPRegen 0.14/turn               b - ring of poison resistance
MPRegen 0.09/turn               (no ring)

@: no status effects
A: antennae 1, icy blue scales 1, shaggy fur 1
a: no special abilities


You were on level 3 of the Dungeon.
You visited 1 branch of the dungeon, and saw 5 of its levels.
You also visited: Sewer.

You collected 167 gold pieces.
You spent 142 gold pieces at shops.

Inventory:

Hand Weapons
 a - a +0 hand axe
 e - a +2 dagger of electrocution (weapon)
Missiles
 s - 10 poisoned darts (quivered)
 v - 5 boomerangs
Armour
 o - a +0 chain mail (worn)
 y - a +1 buckler of protection (worn)
Jewellery
 b - a ring of poison resistance (left hand)
Wands
 g - a wand of digging (3)
Scrolls
 c - 2 scrolls of fog
 f - a scroll of teleportation {unknown}
 h - 2 scrolls of acquirement {unknown}
 j - a scroll of enchant weapon {unknown}
 k - a scroll of enchant armour {unknown}
 l - 2 scrolls of noise {unknown}
 m - a scroll of blinking {unknown}
 n - 3 scrolls of amnesia {unknown}
 p - a scroll of vulnerability {unknown}
 q - a scroll of magic mapping
 t - a scroll of identify {unknown}
 u - a scroll of fear
Potions
 d - a potion of mutation
 i - a potion of resistance {unknown}
 r - a potion of flight {unknown}
 w - a potion of brilliance {unknown}
 x - a potion of lignification {unknown}


   Skills:
 + Level 4.1 Fighting
 + Level 3.1 Axes
 + Level 0.3 Throwing
 + Level 2.3 Armour
 + Level 3.1 Dodging
 - Level 4.5 Stealth
 + Level 0.0 Shields
 + Level 0.3 Evocations


You had 4 spell levels left.
You didn't know any spells.
Your spell library contained the following spells:

 Spells                   Type           Power      Damage    Failure   Level
 Conjure Flame            Conj/Fire      0%         6-21      100%        3
 Ignite Poison            Fire/Tmut/Pois 0%         N/A       100%        3
 Sticky Flame             Conj/Fire      0%         2d3       100%        4


Dungeon Overview and Level Annotations

Branches:
Dungeon (5/15)              Sewer (visited)
 Temple: D:4-7

Altars:
Okawaru

Shops:
D:3 =[


Innate Abilities, Weirdness & Mutations

You have a pair of small antennae on your head.
You are partially covered in icy blue scales. (AC +2)
You are covered in fur. (AC +1)


Message History

Found a whip.
You sense a monster nearby.
Found 9 stones and a sedimented pink potion.
Found a stone staircase leading up.
There is a stone staircase leading up here.
You climb upwards.
There is a stone staircase leading down here.
(D) Dungeon
Where to? (Enter - D:4, ? - help)
There is a stone staircase leading up here.
You climb upwards.
There is a stone staircase leading down here.
(D) Dungeon
Where to? (Enter - D:3, ? - help)
An ogre is nearby!
You now have 25 gold pieces (gained 15).
The ogre shouts!
There is an open door here.
There is an entrance to Nuuprusk's Antique Armour Shop here.
There is an open door here.
There is a stone staircase leading up, spattered with blood here.
There is an open door here.
There is a stone staircase leading up, spattered with blood here.
There is an open door here.
You closely miss the ogre.
The ogre hits you with a +0 giant spiked club.
You hit the ogre. Lightning courses through the ogre!!
The ogre is severely wounded.
The ogre hits you with a +0 giant spiked club!
You completely miss the ogre.
The ogre is severely wounded.
The ogre barely misses you.
You hit the ogre but do no damage.
The ogre is severely wounded.
The ogre hits you with a +0 giant spiked club!!
* * * LOW HITPOINT WARNING * * *
There is a stone staircase leading up, spattered with blood here.
The ogre hits you with a +0 giant spiked club!!
Ouch! That really hurt!
You die...

...#.#.........# #.#
#...#....#.....##
#.#
######...#......#
#.#
#####....#.######.#
#....#......#.#
#....##.....#.######
#.....'.....'......#
#.....#O....#'####.#
#.....#@.......# #.#
#####.#........# #.#
#.....##...# #.#
#####..#...# #.#
##.#...# #.# #.....#
#.# ##....# #.#
#....# #.# ##..##
#.#


You could see an ogre.

Vanquished Creatures
  A hound (D:4)
  An orc wizard (D:4)
  An iguana (D:4)
  A hound zombie (D:5)
  5 adders
  A howler monkey skeleton (D:4)
  A river rat (D:3)
  An adder skeleton (D:4)
  3 worms
  A dart slug (D:2)
  5 orcs (D:4)
  9 ball pythons
  9 endoplasms
  3 goblins
  2 hobgoblins
  7 jackals
  7 kobolds
  4 quokkas
  6 bats
  8 frilled lizards
  5 rats
  A toadstool (D:3)
82 creatures vanquished.

Vanquished Creatures (others)
  A fungus (D:3)
  11 plants (Sewer)
  5 toadstools (D:3)
17 creatures vanquished.

Grand Total: 99 creatures vanquished

Notes
Turn   | Place    | Note
-------+----------+-------------------------------------------
     0 | D:5      | flotson the Demonspawn Delver began the quest for the Orb.
     0 | D:5      | Reached XP level 1. HP: 18/18 MP: 1/1
    30 | D:5      | Gained mutation: You are partially covered in icy blue
                  | scales. (AC +2) [demonic ancestry]
    30 | D:5      | Reached XP level 2. HP: 10/24 MP: 2/2
   220 | D:5      | Noticed a phantom
   250 | D:4      | Found a glowing drain.
   257 | Sewer    | Entered a sewer
   664 | Sewer    | Reached skill level 1 in Armour
   664 | Sewer    | Reached XP level 3. HP: 23/29 MP: 3/3
  1268 | Sewer    | Gained mutation: You expend magic power (3 MP) to
                  | strengthen your wands. [potion of mutation]
  1268 | Sewer    | Gained mutation: You are covered in fur. (AC +1) [potion of
                  | mutation]
  1268 | Sewer    | Lost mutation: You expend magic power (3 MP) to strengthen
                  | your wands. [potion of mutation]
  1268 | Sewer    | Gained mutation: You have a pair of small antennae on your
                  | head. [potion of mutation]
  1832 | D:3      | Reached XP level 4. HP: 16/35 MP: 4/4
  2008 | D:3      | Found Nuuprusk's Antique Armour Shop.
  2040 | D:3      | Found Rivvico's Jewellery Shoppe.
  2467 | D:4      | Mutation became permanent: You have a pair of small
                  | antennae on your head. [demonic ancestry]
  2467 | D:4      | Gained mutation: You have a pair of small antennae on your
                  | head. [demonic ancestry]
  2467 | D:4      | Reached XP level 5. HP: 17/42 MP: 5/5
  2895 | D:4      | Noticed a steam dragon
  3070 | D:4      | Found an iron altar of Okawaru.
  3099 | D:3      | Noticed an ogre
  3452 | D:1      | Found a faded altar of an unknown god.
  4625 | D:3      | Bought a shiny buckler for 142 gold pieces
  4646 | D:3      | You fall into a shaft and drop 2 floors!
  4785 | D:3      | Mangled by an ogre

Illustrated notes

Levels and vault maps discovered:
D:1:      scummos_arrival_checkerplants, layout_rooms,
          hellmonk_ecumenical_altar_arch_garden
D:2:      layout_loops_ring, st_stairs_7
D:3:      layout_basic, yredelemnul_forgotten_temple_becter, serial_shops,
          nicolae_square_shop, nicolae_square_shop, nicolae_diamond_shop,
          minmay_gold_behind_fungi
D:4:      layout_loops_ring, mainiacjoe_overflow_catwalk, portal_sewer_entry_a,
          nicolae_ossuary_entry_monument, grunt_decor_cap
D:5:      wander_guarded_unrand_ratskin, layout_basic,
          mainiacjoe_overflow_concentric_impassable

Skill      XL: |  1  2  3  4  5 |
---------------+----------------+-----
Axes           | 2 3 |  3.1
Dodging        | 2 3 |  3.1
Armour         | 1 2 |  2.3
Fighting       | 4 |  4.1
Throwing       | |  0.3
Stealth        | |  4.5
Evocations     | |  0.3

Action                   |  1- 3 |  4- 6 || total
-------------------------+-------+-------++-------
Melee: Hand axe          |   113 |       ||   113
       Dagger            |     9 |   190 ||   199
  Use: Potion            |     2 |       ||     2
       Scroll            |     2 |       ||     2
 Stab: Sleeping          |     2 |     2 ||     4
Armor: Leather armour    |    37 |    22 ||    59
       Chain mail        |       |    52 ||    52
Dodge: Dodged            |    98 |    83 ||   181

Table legend: (Time is in decaauts)
 A = Elapsed time spent in this place.
 B = Non-inter-level travel time spent in this place.
 C = Inter-level travel time spent in this place.
 D = Time resting spent in this place.
 E = Time spent auto-exploring this place.
 F = Levels seen in this place.
 G = Mean time per level.
                   A        B        C        D        E       F      G
               +--------+--------+--------+--------+--------+-----+--------+
         Total |   4942 |   4758 |    184 |    263 |   3433 |   6 |  823.7 |
       Dungeon |   3225 |   3041 |    184 |     76 |   2177 |   5 |  645.0 |
         Sewer |   1717 |   1717 |      0 |    187 |   1256 |   1 | 1717.0 |
               +--------+--------+--------+--------+--------+-----+--------+

Top non-repeatable levels by time:
   Sewer: 1717 daAuts
     D:4: 1026 daAuts
     D:2: 803 daAuts
     D:3: 597 daAuts
     D:1: 539 daAuts
     D:5: 258 daAuts
